 Dungeon Crawl Stone Soup version 0.27-a0-1081-ge8a0a9c698 (webtiles) character file.

Game seed: 950970554637722786

183 tardwrangler69 the Poker (level 5, -1/41 HPs)
             Began as a Merfolk Gladiator on Apr 25, 2021.
             Slain by an orc
             ... wielding a +0 trident of venom
              (3 damage)
             ... on level 3 of the Dungeon.
             The game lasted 00:01:46 (2310 turns).

tardwrangler69 the Poker (Merfolk Gladiator)        Turns: 2310, Time: 00:01:46

Health: -1/41      AC:  4    Str: 15    XL:     5   Next: 62%
Magic:  0/5        EV: 14    Int:  8    God:
Gold:   56         SH:  0    Dex: 15    Spells: 4/4 levels left

rFire    . . .     SeeInvis .   a - +0 trident
rCold    . . .     Faith    .   (no shield)
rNeg     . . .     Spirit   +   b - +0 leather armour
rPois    .         Reflect  .   c - +0 helmet
rElec    .         Harm     .   (no cloak)
rCorr    .         Rampage  .   (no gloves)
Will     .....                  (no boots)
Stlth    +.........             i - amulet of guardian spirit
HPRegen  0.13/turn              (no ring)
MPRegen  0.09/turn              (no ring)

@: lethally poisoned (-1 -> -20), on berserk cooldown, slowed, very slow
A: (nimble swimmer 2), mertail
a: no special abilities


You were on level 3 of the Dungeon.
You visited 1 branch of the dungeon, and saw 3 of its levels.

You collected 56 gold pieces.

Inventory:

Hand Weapons
 a - a +0 trident (weapon)
Missiles
 d - 3 throwing nets (quivered)
Armour
 b - a +0 leather armour (worn)
 c - a +0 helmet (worn)
Jewellery
 i - an amulet of guardian spirit (around neck)
Scrolls
 f - 4 scrolls of teleportation {unknown}
 h - a scroll of fog {unknown}
 j - a scroll of amnesia {unknown}
 k - a scroll of magic mapping {unknown}
Potions
 g - a potion of heal wounds {unknown}
 m - a potion of flight {unknown}


   Skills:
 + Level 3.5 Fighting
 * Level 7.1 Polearms
 - Level 2.0 Throwing
 + Level 5.3 Dodging


You had 4 spell levels left.
You didn't know any spells.
Your spell library was empty.

Dungeon Overview and Level Annotations

Branches:
Dungeon (3/15)

Altars:
Xom

Shops:
D:1 [


Innate Abilities, Weirdness & Mutations

((You are quick and stealthy near water. (Stealth+, EV+, Speed+++)))
Your lower body shifts to a powerful aquatic tail in water.


Message History

Your Polearms skill increases to level 7!
You hit the orc.
The orc is heavily wounded.
You feel very sick. The orc hits you with a +0 flail!
You closely miss the orc.
The orc is heavily wounded.
You feel sick. The orc closely misses you. The orc misses you.
You closely miss the orc.
The orc is heavily wounded.
You feel sick. The orc barely misses you.
You closely miss the orc.
The orc is heavily wounded.
You feel sick. The orc hits you with a +0 flail.
* * * LOW HITPOINT WARNING * * *
You puncture the orc!
You kill the orc!
You feel sick. The orc hits you but does no damage.
You are more poisoned.
* * * LOW HITPOINT WARNING * * *
You feel very sick. The orc barely misses you.
Items here: ( )) [ ††.
You closely miss the orc.
You feel sick.
You hit the orc.
The orc is almost dead.
* * * LOW HITPOINT WARNING * * *
You feel sick.
The orc hits you with a +0 trident of venom.
* * * LOW HITPOINT WARNING * * *
You are more poisoned.
You closely miss the orc.
The orc is almost dead.
You are no longer berserk.
You are exhausted.
You feel yourself slow down.
* * * LOW HITPOINT WARNING * * *
You feel very sick.
The orc hits you with a +0 trident of venom.
You die...

#######.# #.# #.#
#.# #.# #.#
######.######
#)†.........#
#@####.####.#
......o.# ....
........# .....#
........# ).....# #
........# .._...^.
#
.#####..#.......#..
.# ##.# ....#.. #.#


You could see an orc.

Vanquished Creatures
  A centaur zombie (D:2)
  Jessica (D:2)
  An orc wizard (D:3)
  3 adders
  4 dart slugs
  2 orcs (D:3)
  4 endoplasms (D:1)
  9 goblins
  6 hobgoblins
  10 jackals
  A quokka (D:1)
  5 ball pythons
  6 bats
  2 frilled lizards
  3 kobolds
  5 rats
63 creatures vanquished.

Vanquished Creatures (others)
  A plant (D:2)
1 creature vanquished.

Grand Total: 64 creatures vanquished

Notes
Turn   | Place    | Note
-------+----------+-------------------------------------------
     0 | D:1      | tardwrangler69 the Merfolk Gladiator began the quest for
                  | the Orb.
     0 | D:1      | Reached XP level 1. HP: 16/16 MP: 1/1
    45 | D:1      | Reached XP level 2. HP: 16/23 MP: 2/2
   252 | D:1      | Reached skill level 5 in Polearms
   327 | D:1      | Reached XP level 3. HP: 27/28 MP: 3/3
   596 | D:1      | Found Harr's Antique Armour Boutique.
   955 | D:2      | Reached skill level 6 in Polearms
   955 | D:2      | Reached XP level 4. HP: 33/35 MP: 4/4
  1217 | D:2      | Found a faded altar of an unknown god.
  1706 | D:2      | Reached skill level 5 in Dodging
  1982 | D:2      | Noticed Jessica
  1985 | D:2      | Killed Jessica
  1986 | D:2      | Reached XP level 5. HP: 41/41 MP: 5/5
  2280 | D:3      | Found a shimmering altar of Xom.
  2302 | D:3      | Reached skill level 7 in Polearms
  2310 | D:3      | HP: 2/41 [poisoned by an orc]
  2310 | D:3      | Slain by an orc

Illustrated notes

Levels and vault maps discovered:
D:1:      scummos_arrival_forest, layout_loops_ring, serial_shops, shop
D:2:      layout_basic, hellmonk_ecumenical_altar_leap_of_faith,
          chequers_big_river, uniq_jessica
D:3:      layout_basic, lemuel_tele_altar, serial_forest,
          infiniplex_forest_clump_curved, infiniplex_forest_clump_curved,
          infiniplex_forest_lined_ring, infiniplex_forest_end_double,
          infiniplex_forest_straight_4, infiniplex_forest_lined_1, st_stairs_6,
          grunt_decor_one_mirror, dk_vineyard_3

Skill      XL: |  1  2  3  4  5 |
---------------+----------------+-----
Polearms       | 5 6 7 |  7.1
Fighting       | 3 |  3.5
Dodging        | 5 |  5.3
Throwing       | |  2.0

Action                   |  1- 3 |  4- 6 || total
-------------------------+-------+-------++-------
Melee: Trident           |   104 |    75 ||   179
  Use: Potion            |       |     3 ||     3
 Stab: Sleeping          |     2 |     4 ||     6
       Distracted        |     1 |       ||     1
Armor: Leather armour    |    21 |     9 ||    30
Dodge: Dodged            |    47 |    36 ||    83

Table legend: (Time is in decaauts)
 A = Elapsed time spent in this place.
 B = Non-inter-level travel time spent in this place.
 C = Inter-level travel time spent in this place.
 D = Time resting spent in this place.
 E = Time spent auto-exploring this place.
 F = Levels seen in this place.
 G = Mean time per level.
                   A        B        C        D        E       F      G
               +--------+--------+--------+--------+--------+-----+--------+
         Total |   2296 |   2221 |     75 |      0 |   1906 |   3 |  765.3 |
       Dungeon |   2296 |   2221 |     75 |      0 |   1906 |   3 |  765.3 |
               +--------+--------+--------+--------+--------+-----+--------+

Top non-repeatable levels by time:
     D:2: 1126 daAuts
     D:1: 920 daAuts
     D:3: 250 daAuts
